 Dungeon Crawl Stone Soup version 0.16.1-11-g651b585 (webtiles) character file.

1617 jacksonaction the Carver (level 8, -1/58 HPs)
             Began as an Octopode Fighter on Apr 2, 2015.
             Was an Initiate of Dithmenos.
             Succumbed to a killer bee's poison
             ... on level 7 of the Dungeon.
             The game lasted 00:52:44 (7847 turns).

jacksonaction the Carver (Octopode Fighter)         Turns: 7847, Time: 00:52:44

Health: -1/58      AC:  1    Str: 16    XL:     8   Next: 96%
Magic:  17/18      EV: 10    Int: 10    God:    Dithmenos [......]
Gold:   349        SH:  9    Dex: 13    Spells: 0 memorised, 7 levels left

rFire  . . .     SeeInvis .     a - +0 long sword
rCold  . . .     Clarity  .     z - +0 shield
rNeg   . . .     SustAb   .     (helmet restricted)
rPois  .         Gourm    .     (no amulet)
rElec  .         Spirit   .     (no ring)
rCorr  .         Warding  .     q - ring of magical power
rMut   .         Stasis   .     (no ring)
MR     .....                    (no ring)
Stlth  ++........               (no ring)
                                (no ring)
                                (no ring)
                                (no ring)

@: lethally poisoned (-1 -> -23), not resistant to hostile enchantments,
unstealthy
A: almost no armour, amphibious, 8 rings, constrict 8, camouflage 1, gelatinous
body 1
a: Renounce Religion


You were on level 7 of the Dungeon.
You worshipped Dithmenos.
Dithmenos was noncommittal.
You were not hungry.

You visited 2 branches of the dungeon, and saw 8 of its levels.

You collected 349 gold pieces.

Inventory:

Hand weapons
 a - a +0 long sword (weapon)
 w - a +0 blowgun
Missiles
 o - 59 stones (quivered)
 x - 21 poisoned needles
Armour
 z - a +0 shield (worn)
Jewellery
 q - a ring of magical power (right tentacle)
Magical devices
 e - a wand of digging (12)
 f - a wand of enslavement (12)
 v - a wand of magic darts (15)
 y - a wand of teleportation (2)
 F - a wand of digging (7)
Scrolls
 b - 3 scrolls of teleportation
 c - a scroll of recharging {unknown}
 n - 3 scrolls of blinking
 r - 2 scrolls of fear {unknown}
 s - 2 scrolls of remove curse
 C - a scroll of enchant weapon {unknown}
 H - a scroll of enchant armour {unknown}
 J - a scroll of immolation {unknown}
Potions
 g - a potion of restore abilities
 j - 2 potions of lignification {unknown}
 p - a potion of degeneration {unknown}
 A - a potion of agility {unknown}
 B - a potion of heal wounds {unknown}
 D - a potion of brilliance {unknown}
 G - a potion of haste {unknown}
 I - a potion of ambrosia {unknown}
Comestibles
 d - 6 bread rations
 m - a beef jerky
 t - 4 meat rations


   Skills:
 - Level 6.8 Fighting
 - Level 9.2 Long Blades
 + Level 3.1 Dodging
 - Level 3.0 Shields
 * Level 1.2 Evocations


You had 7 spell levels left.
You didn't know any spells.

Dungeon Overview and Level Annotations

Branches:
Dungeon (7/15)             Temple (1/1) D:6

Altars:
Cheibriados
Dithmenos
Gozag
Kikubaaqudgha
Qazlal
Trog
Xom

Annotations:
D:3 Artificial's ghost, average OpFi


Innate Abilities, Weirdness & Mutations

You cannot wear most types of armour.
You are amphibious.
You can wear up to eight rings at the same time.
You can use your tentacles to constrict many enemies at once.
Your skin changes colour to match your surroundings (Stealth).
Your rubbery body absorbs attacks (AC +1).


Message History

As you read the scroll of teleportation, it crumbles to dust.
You feel strangely unstable.
You feel sick. The killer bee closely misses you.
The killer bee closely misses you. The killer bee stings you!
The killer bee stings you.
You feel sick. You block the killer bee's attack.
You feel sick. The killer bee stings you.
* * * LOW HITPOINT WARNING * * *
You are lethally poisoned!
The killer bee poisons you! You block the killer bee's attack.
The killer bee stings you!
* * * LOW HITPOINT WARNING * * *
You are more poisoned.
The killer bee poisons you!
* * * LOW HITPOINT WARNING * * *
You feel sick. You block the killer bee's attack. The killer bee stings you.
* * * LOW HITPOINT WARNING * * *
Drink which item? (? for menu, Esc to quit)
You feel refreshed.
Your surroundings suddenly seem different.
You die...

#.......# #..)....#
#.......##########
#................#
##................#
..:<........<.....#
..................#
..................#
................@.#
y.................#
yy##'##############
+##......#
..y.....#
.#####+###


There were no monsters in sight!

Vanquished Creatures
  The ghost of Artificial the Chopper, an average DDBe of Trog (D:4)
  Eustachio (D:5)
  3 ogres
  Sigmund (D:6)
  2 giant frogs
  A scorpion (D:4)
  A killer bee (D:7)
  4 crimson imps
  A goliath beetle (D:6)
  A quasit (D:6)
  2 hounds (D:5)
  A centaur skeleton (D:3)
  An orc priest (D:3)
  2 iguanas (D:5)
  A worker ant (D:4)
  2 hound skeletons
  Robin (D:3)
  7 adders
  2 worker ant zombies (D:3)
  6 gnolls
  A giant mite (D:3)
  2 shadow imps
  4 worms
  2 adder skeletons (D:3)
  13 orcs
  2 bat skeletons
  4 giant cockroaches
  12 hobgoblins
  12 jackals
  2 quokkas
  3 ball pythons
  12 bats
  A giant cockroach zombie (D:3)
  4 giant geckos
  A giant gecko zombie (D:3)
  6 giant newts
  14 goblins
  A jackal zombie (D:3)
  13 kobolds
  A quokka skeleton (D:4)
  2 quokka zombies (D:3)
  31 rats
  A plant (D:6)
185 creatures vanquished.

Notes
Turn   | Place    | Note
--------------------------------------------------------------
     0 | D:1      | jacksonaction, the Octopode Fighter, began the quest for the Orb.
     0 | D:1      | Reached XP level 1. HP: 16/16 MP: 1/1
   148 | D:1      | Reached XP level 2. HP: 18/21 MP: 2/2
   675 | D:1      | Reached XP level 3. HP: 26/26 MP: 3/3
  1162 | D:2      | Reached skill level 4 in Fighting
  1293 | D:2      | Reached XP level 4. HP: 33/33 MP: 4/4
  1778 | D:3      | Reached XP level 5. HP: 21/38 MP: 5/5
  1907 | D:3      | Found a bloodstained altar of Trog.
  2309 | D:3      | Noticed Artificial's ghost (average OpFi)
  2472 | D:3      | Reached XP level 6. HP: 25/44 MP: 6/6
  2644 | D:3      | Noticed Robin
  2808 | D:3      | Found a shimmering altar of Xom.
  2841 | D:3      | Reached skill level 5 in Long Blades
  3089 | D:3      | Reached skill level 5 in Fighting
  3285 | D:3      | Killed Robin
  3303 | D:3      | Found an opulent altar of Gozag.
  3627 | D:4      | Noticed Artificial's ghost (average DDBe)
  3772 | D:4      | Reached XP level 7. HP: 32/50 MP: 7/7
  4059 | D:4      | Reached skill level 6 in Long Blades
  4432 | D:4      | Killed Artificial's ghost
  4916 | D:5      | Entered Level 5 of the Dungeon
  5060 | D:5      | Noticed Eustachio
  5074 | D:5      | Killed Eustachio
  5074 | D:5      | Reached skill level 7 in Long Blades
  5074 | D:5      | Reached XP level 8. HP: 48/57 MP: 8/8
  5185 | D:5      | Noticed an air elemental
  5188 | D:5      | Found a stormy altar of Qazlal.
  5189 | D:5      | Noticed a fire elemental
  5189 | D:5      | Noticed a water elemental
  5376 | D:5      | Reached skill level 8 in Long Blades
  5899 | D:6      | Found a staircase to the Ecumenical Temple.
  5926 | Temple   | Entered the Ecumenical Temple
  5936 | Temple   | Became a worshipper of Dithmenos the Shadowed
  6760 | D:6      | Noticed Sigmund
  7327 | D:6      | Killed Sigmund
  7327 | D:6      | Reached skill level 9 in Long Blades
  7842 | D:7      | Reached skill level 1 in Evocations
  7846 | D:7      | HP: 1/58 [killer bee (3)]
  7847 | D:7      | Succumbed to a killer bee's poison

Action                   |  1- 3 |  4- 6 |  7- 9 || total
-------------------------+-------+-------+-------++-------
Melee: Long sword        |    74 |   170 |   112 ||   356
 Fire: Blowgun           |       |       |    52 ||    52
Throw: Stone             |       |    28 |     3 ||    31
Evoke: Wand              |       |       |     1 ||     1
  Use: Potion            |     1 |     1 |     3 ||     5
       Scroll            |       |       |     8 ||     8
 Stab: Sleeping          |     3 |     4 |     7 ||    14
  Eat: Chunk             |     1 |     8 |     9 ||    18
       Fruit             |       |       |     1 ||     1
       Pizza             |       |       |     1 ||     1
       Beef jerky        |       |       |     1 ||     1
